[Event "Titled Tuesday Blitz May 30 Late 2023"]
[White "Yanchenko, Roman"]
[Black "reevecanada"]
[WhiteFideId "4137329"]
[WhiteElo "2491"]
[BlackElo "2469"]
[Result "0-1"]
[Round "05"]
[TimeControl "180+2"]
[Date "2023.05.31"]
[WhiteClock "0:00:06"]
[BlackClock "0:00:10"]

1. d4 d5 2. c4 c6 3. Nc3 Nf6 4. Bg5 e6 5. e3 Bd6 6. Nf3 h6 7. Bh4 Nbd7 8. Qc2 O-O 9. a3 e5 10. cxd5 cxd5 11. Nxd5 exd4 12. Nxf6+ Nxf6 13. Nxd4 Re8 14. Bb5 Re5 15. O-O Rc5 16. Qe2 Bg4 17. f3 Bh5 18. Bg3 Bxg3 19. hxg3 Qb6 20. Bd3 Re8 21. g4 Bg6 22. Bxg6 fxg6 23. Rfe1 Rce5 24. Qc4+ Kh7 25. e4 Qxb2 26. Qb4 Qxb4 27. axb4 a6 28. Rac1 Nd5 29. b5 axb5 30. Rc5 Nf4 31. Rxb5 Rxb5 32. Nxb5 Rd8 33. g3 Ne6 34. Re2 Rd3 35. Kg2 Rb3 36. Nd6 b5 37. Rd2 b4 38. f4 Rc3 39. f5 Ng5 40. Nf7 Nxf7 41. Rd7 Ng5 42. Rd6 Rxg3+ 43. Kh2 gxf5 44. gxf5 Rc3 45. e5 b3 46. Rb6 Re3 47. e6 g6 48. Rb7+ Kg8 49. fxg6 Nxe6 50. Kg2 Rc3 51. Kf2 Nc5 52. Rb5 b2 53. Ke2 Rb3 54. Rxc5 b1=Q 0-1


[Site "https://www.chess.com"]

[Event "Titled Tuesday Blitz May 30 Late 2023"]
[White "Halkias, Stelios"]
[Black "FromTexas54"]
[WhiteFideId "4201809"]
[WhiteElo "2451"]
[BlackElo "2449"]
[Result "1-0"]
[Round "05"]
[TimeControl "180+2"]
[Date "2023.05.31"]
[WhiteClock "0:01:15"]
[BlackClock "0:01:06"]

1. d4 Nf6 2. Nf3 g6 3. g3 Bg7 4. Bg2 O-O 5. O-O d6 6. Re1 Nbd7 7. e4 e5 8. Nc3 c6 9. a4 a5 10. h3 Re8 11. Be3 exd4 12. Bxd4 Nc5 13. e5 Nh5 14. exd6 Rxe1+ 15. Qxe1 Bxd4 16. Nxd4 Qxd6 17. Rd1 Qf8 18. Qe5 Ne6 19. g4 Qg7 20. Nxe6 Bxe6 21. Qc7 Rc8 22. Rd8+ Rxd8 23. Qxd8+ 1-0


[Site "https://www.chess.com"]

[Event "Titled Tuesday Blitz May 30 Late 2023"]
[White "Kozionov, Kirill"]
[Black "Hajiyev, Kanan"]
[WhiteFideId "24101729"]
[BlackFideId "13404148"]
[WhiteElo "2377"]
[BlackElo "2103"]
[Result "0-1"]
[Round "05"]
[TimeControl "180+2"]
[Date "2023.05.31"]
[WhiteClock "0:00:04"]
[BlackClock "0:00:07"]

1. e4 c6 2. d4 d5 3. Nc3 a6 4. f3 b5 5. Be3 b4 6. Nb1 dxe4 7. fxe4 Nf6 8. Nd2 Ng4 9. Qe2 a5 10. O-O-O g6 11. h3 Nxe3 12. Qxe3 Bg7 13. Ngf3 O-O 14. h4 h5 15. e5 Be6 16. Bc4 Bd5 17. Ng5 Na6 18. Rhg1 f5 19. Ne6 Bxe6 20. Bxe6+ Kh7 21. Nf3 Bh6 22. Ng5+ Bxg5 23. hxg5 Nc7 24. Bc4 Nd5 25. Qd2 a4 26. Kb1 a3 27. Bxd5 Qxd5 28. b3 Rab8 29. Qf4 e6 30. g3 Kg7 31. Rge1 Rfd8 32. Kc1 Rd7 33. Rd3 Rbd8 34. Qd2 Qb5 35. Ree3 Kf7 36. Qd1 Rd5 37. Rf3 c5 38. dxc5 Qxc5 39. Rxd5 Rxd5 40. Rd3 Ke7 41. Rxd5 Qxd5 42. Qe2 Qc5 43. Kd2 Qd4+ 44. Kc1 Qa1+ 45. Kd2 Qc3+ 46. Kd1 Qxg3 47. Qb5 Qg1+ 48. Kd2 Qf2+ 49. Kd1 Qg1+ 50. Kd2 Qxg5+ 51. Ke2 Qg2+ 52. Kd1 Qg1+ 53. Kd2 Qf2+ 54. Kd1 Qg1+ 55. Kd2 Qg2+ 56. Kd1 Qd5+ 57. Qxd5 exd5 58. c3 bxc3 59. b4 Ke6 60. b5 Kxe5 0-1


[Site "https://www.chess.com"]

[Event "Titled Tuesday Blitz May 30 Late 2023"]
[White "Papayan, Oleg"]
[Black "Matinian, Nikita"]
[WhiteFideId "4193911"]
[BlackFideId "24129100"]
[WhiteElo "2171"]
[BlackElo "2422"]
[Result "0-1"]
[Round "05"]
[TimeControl "180+2"]
[Date "2023.05.31"]
[WhiteClock "0:00:12"]
[BlackClock "0:00:52"]

1. e4 d6 2. d4 g6 3. Nc3 a6 4. a4 Bg7 5. Nf3 Nc6 6. d5 Nb4 7. a5 c6 8. Bc4 Nf6 9. h3 O-O 10. O-O Qc7 11. Bb3 Bd7 12. Re1 Rac8 13. Be3 Qb8 14. dxc6 bxc6 15. e5 dxe5 16. Bc5 Nfd5 17. Nxd5 cxd5 18. Bxe7 Rfe8 19. Bxb4 Qxb4 20. Bxd5 Rcd8 21. c4 Qxb2 22. Ng5 Be6 23. Qf3 Bxd5 24. cxd5 f5 25. Ne6 e4 26. Qe2 Qxe2 27. Rxe2 Bxa1 28. Nxd8 Rxd8 29. Re1 Bc3 30. Rc1 Bxa5 31. Rc6 Rxd5 32. Rxa6 Rd1+ 33. Kh2 Bc7+ 34. g3 Be5 35. Re6 Bd4 36. Kg2 Rd2 37. g4 Rxf2+ 38. Kg3 f4+ 39. Kh4 e3 40. Kg5 e2 41. Kh6 Bg7+ 42. Kg5 f3 43. h4 Rf1 44. h5 e1=Q 45. Rxe1 Rxe1 46. h6 Bxh6+ 47. Kf6 f2 48. g5 f1=Q# 0-1


[Site "https://www.chess.com"]

[Event "Titled Tuesday Blitz May 30 Late 2023"]
[White "Rastbod, Ali"]
[Black "Arnold, Ken"]
[WhiteFideId "12567477"]
[BlackFideId "2056836"]
[WhiteElo "2274"]
[BlackElo "2405"]
[Result "1-0"]
[Round "05"]
[TimeControl "180+2"]
[Date "2023.05.31"]
[WhiteClock "0:01:21"]
[BlackClock "0:00:33"]

1. c4 c6 2. g3 Nf6 3. Bg2 d5 4. Nf3 Bf5 5. Qb3 Qb6 6. d3 e6 7. Be3 c5 8. Nc3 d4 9. Bxd4 cxd4 10. Nxd4 Qxd4 11. Qxb7 Bc5 12. O-O O-O 13. Qxa8 Ng4 14. Qf3 Nd7 15. h3 Nde5 16. Qf4 Nxf2 17. Rxf2 Qxf4 18. gxf4 Bxd3 19. fxe5 Bxc4 20. Ne4 Bxf2+ 21. Kxf2 Rd8 22. Nd6 1-0


[Site "https://www.chess.com"]

[Event "Titled Tuesday Blitz May 30 Late 2023"]
[White "Rangel, Daniel"]
[Black "Martinez Ramirez, Lennis"]
[WhiteFideId "2124475"]
[BlackFideId "3509079"]
[WhiteElo "2256"]
[BlackElo "2410"]
[Result "0-1"]
[Round "05"]
[TimeControl "180+2"]
[Date "2023.05.31"]
[WhiteClock "0:00:20"]
[BlackClock "0:01:08"]

1. c4 Nf6 2. g3 e5 3. Bg2 c6 4. Nf3 e4 5. Nd4 d5 6. cxd5 Qxd5 7. Nb3 Qe5 8. Nc3 Bf5 9. O-O Na6 10. d4 exd3 11. exd3 Qd6 12. Re1+ Be7 13. Bf4 Qd7 14. Qe2 Be6 15. d4 O-O 16. Rad1 Rad8 17. d5 cxd5 18. Nd4 Bb4 19. Nxe6 fxe6 20. Qxe6+ Qxe6 21. Rxe6 Nc5 22. Re2 d4 23. a3 Bxc3 24. bxc3 dxc3 25. Rxd8 Rxd8 26. Rc2 Rd1+ 27. Bf1 Nd5 28. Bd6 Ne4 29. Kg2 Nxd6 0-1


[Site "https://www.chess.com"]

[Event "Titled Tuesday Blitz May 30 Late 2023"]
[White "Danielyan, Vahe"]
[Black "Roberz12"]
[WhiteFideId "13304828"]
[WhiteElo "2423"]
[BlackElo "2373"]
[Result "1-0"]
[Round "05"]
[TimeControl "180+2"]
[Date "2023.05.31"]
[WhiteClock "0:00:31"]
[BlackClock "0:01:09"]

1. e4 d6 2. d4 g6 3. Nc3 Bg7 4. Nf3 Bg4 5. Be2 Nc6 6. Be3 e5 7. dxe5 Bxf3 8. Bxf3 Nxe5 9. Be2 Ne7 10. O-O O-O 11. Qd2 Re8 12. Rad1 Qc8 13. h3 Qe6 14. b3 Rad8 15. f4 N5c6 16. Bf3 Nf5 17. exf5 Qxe3+ 18. Qxe3 Rxe3 19. Nd5 Ree8 20. Nxc7 Rf8 21. Nb5 gxf5 22. Bxc6 bxc6 23. Nxd6 c5 24. Nxf5 Bf6 25. Kf2 c4 26. g4 cxb3 27. axb3 Rc8 28. Rd2 Bc3 29. Re2 Rc5 30. Rd1 Bf6 31. Rd6 Bd8 32. Nh6+ Kg7 33. Nf5+ Kh8 34. c4 Bb6 35. Kf3 Ra5 36. Red2 Ra3 37. R2d3 Rc8 38. Rd7 h5 39. gxh5 Rc5 40. Kg4 Ra1 41. Rxf7 Rc8 42. Rdd7 Rg1+ 43. Kf3 Rc6 44. Rf8+ 1-0


[Site "https://www.chess.com"]

[Event "Titled Tuesday Blitz May 30 Late 2023"]
[White "Grigoriants, Sergey"]
[Black "Ezat, Mohamed"]
[WhiteFideId "4130804"]
[BlackFideId "10600906"]
[WhiteElo "2502"]
[BlackElo "2386"]
[Result "1-0"]
[Round "05"]
[TimeControl "180+2"]
[Date "2023.05.31"]
[WhiteClock "0:00:48"]
[BlackClock "0:00:36"]

1. d4 Nf6 2. c4 d6 3. Nc3 g6 4. e4 Bg7 5. Be2 O-O 6. Be3 c5 7. d5 Qa5 8. Qd2 b5 9. cxb5 a6 10. bxa6 Bxa6 11. Bxa6 Nxa6 12. Nge2 Nb4 13. O-O Qa6 14. Bh6 Qd3 15. Qxd3 Nxd3 16. Bxg7 Kxg7 17. b3 Rfc8 18. a3 Nd7 19. Rfb1 N7e5 20. h3 f5 21. f4 Nd7 22. exf5 gxf5 23. Rd1 Nb2 24. Rd2 Rcb8 25. Rxb2 Nb6 26. Rbb1 1-0


[Site "https://www.chess.com"]

[Event "Titled Tuesday Blitz May 30 Late 2023"]
[White "Petukhov, Dmitry"]
[Black "Hansen, Eric"]
[WhiteFideId "4142748"]
[BlackFideId "2606771"]
[WhiteElo "2311"]
[BlackElo "2561"]
[Result "0-1"]
[Round "05"]
[TimeControl "180+2"]
[Date "2023.05.31"]
[WhiteClock "0:00:08"]
[BlackClock "0:00:04"]

1. e4 c6 2. d4 d5 3. Nd2 g6 4. e5 Bg7 5. f4 h5 6. Ndf3 Nh6 7. c3 Qb6 8. Qb3 Bf5 9. Ne2 Nd7 10. Be3 e6 11. Ng3 Bf8 12. Bf2 Ng4 13. Nxf5 gxf5 14. h3 Nxf2 15. Kxf2 h4 16. Qxb6 axb6 17. a3 b5 18. Be2 Be7 19. g3 hxg3+ 20. Kxg3 O-O-O 21. h4 Rdg8+ 22. Ng5 Nb6 23. Bf3 Kd7 24. Rag1 Rg7 25. Kf2 Nc4 26. Rb1 Rh6 27. Be2 Nb6 28. Rbg1 Ke8 29. Ke3 Kf8 30. Kd2 Rg8 31. Kc2 Rgh8 32. h5 Nc4 33. Rg3 Nb6 34. Rhg1 Nd7 35. Nh3 Bh4 36. R3g2 Be7 37. Ng5 Nb6 38. Rg3 Na8 39. R1g2 Nc7 40. Rg1 Ne8 41. R1g2 Nc7 42. Rg1 f6 43. Nh3 Ne8 44. Rg6 Kf7 45. exf6 Bxf6 46. R6g3 Ke7 47. Ng5 Ng7 48. Re1 Ne8 49. Bd1 Nc7 50. Rge3 Bg7 51. R3e2 Rf6 52. Rg2 Bf8 53. Nf3 Rxh5 54. Ne5 Rh7 55. Ng6+ Kf7 56. Reg1 Bd6 57. Ne5+ Bxe5 58. fxe5 Rfh6 59. Rg8 Na6 60. Ra8 Rh2+ 61. Kb1 Rh1 62. Rxh1 Rxh1 63. Ra7 Rxd1+ 64. Kc2 Rg1 65. Rxb7+ Kg6 66. Kb3 f4 67. Rb6 Kf5 68. Rxa6 f3 69. Ra8 Ke4 70. Rf8 Ke3 71. Kb4 Rb1 72. Kc5 f2 73. Kxc6 f1=Q 74. Rxf1 Rxf1 75. Kd6 Rb1 76. Kxe6 Ke4 77. Kd6 Rxb2 78. e6 Rh2 79. e7 Rh8 80. Kd7 Kd3 81. Ke6 Kc4 82. Kd6 Re8 83. Ke6 Kxc3 84. Kxd5 Rxe7 85. Kc5 Kd3 86. d5 Re5 87. Kc6 Kc4 88. d6 Rc5+ 89. Kb6 Rd5 90. Kc6 Rc5+ 91. Kb6 Rh5 92. d7 Rd5 93. Kc6 Rd1 94. Kc7 Kb3 95. Kc6 Kxa3 96. Kxb5 Rxd7 0-1


[Site "https://www.chess.com"]

[Event "Titled Tuesday Blitz May 30 Late 2023"]
[White "Poltorak, Sebastian"]
[Black "Bazeev, German"]
[WhiteFideId "1199498"]
[BlackFideId "24119350"]
[WhiteElo "2195"]
[BlackElo "2466"]
[Result "0-1"]
[Round "05"]
[TimeControl "180+2"]
[Date "2023.05.31"]
[WhiteClock "0:00:02"]
[BlackClock "0:00:23"]

1. d4 Nf6 2. c4 e6 3. Nc3 Bb4 4. Nf3 b6 5. Qb3 a5 6. g3 Bb7 7. Bg2 O-O 8. O-O Bxc3 9. Qxc3 h6 10. b3 Be4 11. Bb2 d6 12. Rad1 Nbd7 13. Rfe1 a4 14. b4 b5 15. a3 Qb8 16. Nd2 Bxg2 17. Kxg2 bxc4 18. Nxc4 Rc8 19. Qf3 Qb5 20. Rc1 d5 21. Nd2 Nb6 22. Qd3 Qxd3 23. exd3 Nfd7 24. f4 g6 25. Kf3 Kf8 26. h3 Ke7 27. g4 Kd6 28. Nf1 h5 29. Rc2 hxg4+ 30. hxg4 Rh8 31. Bc1 f5 32. Rce2 Rae8 33. g5 Nc8 34. Bd2 Na7 35. Bc1 Nb5 36. Bb2 Nf8 37. Rh2 Rxh2 38. Nxh2 Re7 39. Kg3 Rh7 40. Nf3 Nd7 41. Ne5 Nxe5 42. dxe5+ Kc6 43. Rc1+ Kb6 44. Rc2 Rh1 45. Rc1 Rxc1 46. Bxc1 c5 47. bxc5+ Kxc5 48. Kf3 Kd4 49. Ke2 Kc3 50. Ke3 Kb3 51. d4 Nxa3 52. Kd3 Nc4 0-1


[Site "https://www.chess.com"]

[Event "Titled Tuesday Blitz May 30 Late 2023"]
[White "Gorovets, Andrey"]
[Black "Kirillov, Dmitry"]
[WhiteFideId "13504037"]
[BlackFideId "34180572"]
[WhiteElo "2459"]
[BlackElo "2161"]
[Result "1-0"]
[Round "05"]
[TimeControl "180+2"]
[Date "2023.05.31"]
[WhiteClock "0:00:19"]
[BlackClock "0:00:03"]

1. Nf3 d5 2. g3 c6 3. Bg2 Bg4 4. h3 Bxf3 5. Bxf3 e5 6. d3 Nd7 7. Nd2 Bd6 8. e4 Ne7 9. O-O O-O 10. Re1 Re8 11. exd5 cxd5 12. c4 Nf6 13. Qb3 Bc5 14. cxd5 Nexd5 15. Nc4 Bd4 16. Bg5 Rb8 17. Rac1 b5 18. Ne3 Nxe3 19. fxe3 Bb6 20. Rc6 Rc8 21. Bxf6 gxf6 22. Qxb5 Rxc6 23. Bxc6 Re7 24. Kg2 Rc7 25. Re2 Qd6 26. Bd5 Kg7 27. Be4 Rc1 28. Qd5 Qc7 29. d4 exd4 30. exd4 Rd1 31. Qf5 Bxd4 32. Qxh7+ Kf8 33. Qh6+ Ke7 34. Bc2+ Be5 35. Bxd1 Qc6+ 36. Kh2 f5 37. Rxe5+ 1-0


[Site "https://www.chess.com"]

[Event "Titled Tuesday Blitz May 30 Late 2023"]
[White "Makridis, Dimitrios"]
[Black "Koc, Przemyslaw"]
[WhiteFideId "25864475"]
[BlackFideId "1109081"]
[WhiteElo "2277"]
[BlackElo "2161"]
[Result "0-1"]
[Round "05"]
[TimeControl "180+2"]
[Date "2023.05.31"]
[WhiteClock "0:00:05"]
[BlackClock "0:00:47"]

1. e4 d6 2. d4 Nf6 3. Nc3 e5 4. Nf3 Nbd7 5. Bc4 Be7 6. O-O c6 7. a4 a5 8. h3 Qc7 9. d5 h6 10. Re1 Nf8 11. b3 g5 12. Bb2 Ng6 13. Ne2 Nf4 14. Ng3 Rg8 15. Nh2 g4 16. dxc6 bxc6 17. h4 Be6 18. Bxe6 fxe6 19. Qd2 h5 20. Rad1 Kf7 21. Kh1 Nd7 22. Bxe5 Nxg2 23. Bxd6 Bxd6 24. Kxg2 Ke7 25. Qh6 Nf6 26. Nhf1 Bf4 27. Rd7+ Nxd7 28. Qh7+ Kf8 29. Nxh5 Nc5 30. Qxc7 Bxc7 31. Ne3 Nxe4 32. Nc4 Nd6 33. Nxd6 Bxd6 34. Rxe6 Rd8 35. Rh6 Ke7 36. Rh7+ Ke6 37. Ng7+ Kd5 38. Nf5 Rge8 39. Rh5 Re5 0-1


[Site "https://www.chess.com"]

[Event "Titled Tuesday Blitz May 30 Late 2023"]
[White "Vovk, Orest"]
[Black "Thomforde-Toates, Noah"]
[WhiteFideId "14113490"]
[BlackFideId "30951992"]
[WhiteElo "2215"]
[BlackElo "2743"]
[Result "0-1"]
[Round "05"]
[TimeControl "180+2"]
[Date "2023.05.31"]
[WhiteClock "0:00:03"]
[BlackClock "0:00:51"]

1. g4 d6 2. Bg2 Nc6 3. h3 e5 4. d3 Be7 5. c4 h5 6. g5 Bxg5 7. Bxg5 Qxg5 8. Bxc6+ bxc6 9. Nf3 Qe7 10. Qa4 Bd7 11. Qa5 Be6 12. Nc3 Nf6 13. Rg1 g6 14. Ng5 O-O 15. O-O-O d5 16. c5 d4 17. Nce4 Nxe4 18. dxe4 Bc4 19. e3 dxe3 20. fxe3 Rab8 21. b3 Rb5 22. Qxa7 Rxc5 23. bxc4 Rxc4+ 24. Kd2 Rd8+ 25. Ke2 Rc2+ 26. Ke1 Qb4+ 0-1


[Site "https://www.chess.com"]

[Event "Titled Tuesday Blitz May 30 Late 2023"]
[White "Estrada Nieto, Julian"]
[Black "Bashirli, Nail"]
[WhiteFideId "5101018"]
[BlackFideId "13406809"]
[WhiteElo "2161"]
[BlackElo "2311"]
[Result "0-1"]
[Round "05"]
[TimeControl "180+2"]
[Date "2023.05.31"]
[WhiteClock "0:00:01"]
[BlackClock "0:00:08"]

1. e4 b6 2. d4 Bb7 3. Nc3 e6 4. Nf3 Bb4 5. Bd3 Ne7 6. O-O O-O 7. Qe2 d6 8. Nd1 b5 9. Bxb5 Nd7 10. c3 Ba5 11. a4 c5 12. Bf4 a6 13. Bd3 Nf6 14. Bg5 cxd4 15. cxd4 Nd7 16. Ne3 h6 17. Bh4 Re8 18. Nc4 Bb4 19. e5 dxe5 20. dxe5 Nb6 21. Rad1 Bd5 22. Nxb6 Qxb6 23. Be4 Bxe4 24. Qxe4 Nf5 25. Rd7 a5 26. Rfd1 Rac8 27. Bf6 Qc6 28. Qxc6 Rxc6 29. g4 gxf6 30. gxf5 exf5 31. R1d5 Rc5 32. Rxc5 Bxc5 33. exf6 Re2 34. Rd2 Re4 35. Rd5 Rc4 36. Rxf5 Rc2 37. Ne5 Bd4 38. Ng4 Kh7 39. b3 Kg6 40. Rd5 Rd2 41. Kf1 h5 42. Ne5+ Kxf6 43. Nf3 Rxf2+ 44. Ke1 Rxf3 45. Rxd4 Rxb3 46. Rd5 h4 47. Rxa5 Rb2 48. h3 Rb3 49. Ra6+ Kg5 50. Ra7 f5 51. Rg7+ Kf4 52. a5 Rxh3 53. a6 Ra3 54. a7 h3 55. Kd2 h2 56. Rh7 Rxa7 57. Rxh2 Ra2+ 0-1


[Site "https://www.chess.com"]

[Event "Titled Tuesday Blitz May 30 Late 2023"]
[White "Kaplan, Avi Harrison"]
[Black "Goltsev, Dmitry"]
[WhiteFideId "30934559"]
[BlackFideId "24176710"]
[WhiteElo "1983"]
[BlackElo "2356"]
[Result "0-1"]
[Round "05"]
[TimeControl "180+2"]
[Date "2023.05.31"]
[WhiteClock "0:00:02"]
[BlackClock "0:01:19"]

1. g3 d5 2. Bg2 c6 3. d3 Nf6 4. Nf3 g6 5. O-O Bg7 6. Nc3 O-O 7. e4 Nbd7 8. exd5 cxd5 9. Re1 Re8 10. Bf4 Nh5 11. Nxd5 Nxf4 12. Nxf4 Bxb2 13. Rb1 Bc3 14. Re4 Nb6 15. Qe2 Bf5 16. Re3 Rc8 17. h3 e5 18. Nxe5 Bd4 19. Bxb7 Bxe3 20. Bxc8 Bxf4 21. Bxf5 Bxe5 22. Be4 f5 23. Bc6 Re6 24. Bg2 Qd6 25. Re1 Kf7 26. Qd2 Bd4 27. Rb1 Qe5 28. Qh6 Kg8 29. h4 Qxg3 30. Kh1 Qxf2 31. Bd5 Qe2 32. Bxe6+ Qxe6 33. Qd2 Qd5+ 34. Qg2 Qe5 35. a4 Qf4 36. Qh3 Nd5 37. Rb7 Qc1+ 38. Kg2 Qg1+ 39. Kf3 Qf2# 0-1


[Site "https://www.chess.com"]

[Event "Titled Tuesday Blitz May 30 Late 2023"]
[White "Devagharan, Devina"]
[Black "laziestwin"]
[WhiteFideId "2061600"]
[WhiteElo "2439"]
[BlackElo "2654"]
[Result "1-0"]
[Round "05"]
[TimeControl "180+2"]
[Date "2023.05.31"]
[WhiteClock "0:00:41"]
[BlackClock "0:01:37"]

1. d4 Nf6 2. c4 e6 3. Nc3 Bb4 4. Nf3 O-O 5. e3 b6 6. Be2 Bb7 7. O-O d6 8. Qc2 Bxc3 9. Qxc3 Ne4 10. Qc2 Nd7 11. b3 f5 12. Bb2 Qe7 13. Ne1 Qg5 14. Qd3 Rae8 15. f3 Nef6 16. Rd1 e5 17. d5 e4 18. Qc3 exf3 19. Rxf3 Ne4 20. Qd4 Ne5 21. Rf4 Ng6 22. Qxg7# 1-0


[Site "https://www.chess.com"]

[Event "Titled Tuesday Blitz May 30 Late 2023"]
[White "Kourkoulos-Arditis, Stamatis"]
[Black "Srdanovic, Jovana"]
[WhiteFideId "4221990"]
[BlackFideId "954810"]
[WhiteElo "2400"]
[BlackElo "2169"]
[Result "1-0"]
[Round "05"]
[TimeControl "180+2"]
[Date "2023.05.31"]
[WhiteClock "0:00:23"]
[BlackClock "0:00:39"]

1. e4 c6 2. d4 d5 3. Nc3 dxe4 4. Nxe4 Bf5 5. Ng3 Bg6 6. h4 h6 7. Nf3 Nd7 8. h5 Bh7 9. Bd3 Bxd3 10. Qxd3 e6 11. Bf4 Qa5+ 12. Bd2 Bb4 13. c3 Be7 14. a4 Ngf6 15. b4 Qc7 16. O-O O-O 17. Rfe1 a5 18. Nf5 Rfe8 19. Nxe7+ Rxe7 20. bxa5 Nxh5 21. c4 Nf4 22. Qe4 Ng6 23. Rab1 Nf6 24. Qc2 Ng4 25. g3 Rae8 26. Re4 Nf6 27. Re2 e5 28. dxe5 Nxe5 29. Nxe5 Rxe5 30. Rxe5 Qxe5 31. Rxb7 Ne4 32. Bf4 Qd4 33. a6 Nc5 34. Qb1 Nxb7 35. axb7 Qxc4 36. b8=Q Rxb8 37. Qxb8+ Kh7 38. Qb1+ g6 39. a5 Qa4 40. Bd2 c5 41. Bc3 c4 42. Qe1 Kg8 43. Qe5 Kf8 44. Qd6+ Ke8 45. Bf6 Qd7 46. Qb8+ Qd8 47. Qxd8# 1-0


[Site "https://www.chess.com"]

[Event "Titled Tuesday Blitz May 30 Late 2023"]
[White "Vlassov, Nikolai"]
[Black "Przybylski, Wojciech"]
[WhiteFideId "4103360"]
[BlackFideId "1117599"]
[WhiteElo "2324"]
[BlackElo "2222"]
[Result "1-0"]
[Round "05"]
[TimeControl "180+2"]
[Date "2023.05.31"]
[WhiteClock "0:00:16"]
[BlackClock "0:00:04"]

1. e4 e5 2. Bc4 Nf6 3. d3 c6 4. Nf3 Qc7 5. O-O Be7 6. d4 d6 7. Ng5 O-O 8. f4 exf4 9. Bxf4 h6 10. Nxf7 Rxf7 11. Bxf7+ Kxf7 12. e5 dxe5 13. dxe5 Qb6+ 14. Kh1 Qxb2 15. Nd2 Bg4 16. Qe1 Nbd7 17. exf6 Nxf6 18. Rb1 Qxa2 19. Rxb7 Re8 20. Bd6 Be6 21. Ne4 Qa6 22. Rxe7+ Rxe7 23. Bxe7 Kxe7 24. Nxf6 gxf6 25. Qf2 f5 26. Re1 Kf7 27. Qe3 Bd5 28. Qxh6 Be4 29. Qd2 Qa2 30. h3 Kf6 31. Qc3+ Kf7 32. Ra1 Qd5 33. Rxa7+ Ke6 34. Qg7 Qd1+ 35. Kh2 Qc1 36. Qe7+ Kd5 37. Ra5+ Kd4 38. Qc5# 1-0


[Site "https://www.chess.com"]

[Event "Titled Tuesday Blitz May 30 Late 2023"]
[White "Abduzhaparov"]
[Black "Haydon, David L"]
[BlackFideId "415405"]
[WhiteElo "2422"]
[BlackElo "2326"]
[Result "0-1"]
[Round "05"]
[TimeControl "180+2"]
[Date "2023.05.31"]
[WhiteClock "0:00:09"]
[BlackClock "0:00:44"]

1. Nf3 d5 2. c4 e6 3. g3 Nf6 4. Bg2 dxc4 5. Qa4+ Nbd7 6. Qxc4 Rb8 7. Qc2 a6 8. d4 c5 9. O-O Be7 10. Rd1 Qb6 11. Nc3 cxd4 12. Nxd4 O-O 13. Be3 Qc7 14. Rac1 Qa5 15. h3 Qh5 16. g4 Qg6 17. Qxg6 hxg6 18. g5 Nh5 19. Ne4 e5 20. Nf3 Nf4 21. Bxf4 exf4 22. Rxc8 Rfxc8 23. Rxd7 Kf8 24. Nc3 Rd8 25. Rxd8+ Rxd8 26. h4 Bb4 27. Ne5 Bxc3 28. bxc3 Rd2 29. Bxb7 Rxe2 30. Nd7+ Ke7 31. Nc5 a5 32. a4 Kd6 33. Ne4+ Ke5 34. Nc5 Rc2 35. Nb3 Rxc3 36. Nxa5 f3 37. Bc6 Rc5 38. Bb5 Rc1+ 39. Kh2 Kf4 40. Nc4 Rc2 41. Kg1 Rc1+ 42. Kh2 Rf1 43. a5 Rxf2+ 44. Kh3 Rf1 45. a6 Rh1# 0-1


[Site "https://www.chess.com"]

[Event "Titled Tuesday Blitz May 30 Late 2023"]
[White "Gutkin, Ilya"]
[Black "Gubajdullin, Alexei"]
[WhiteFideId "16203470"]
[BlackFideId "4141202"]
[WhiteElo "2265"]
[BlackElo "2279"]
[Result "0-1"]
[Round "05"]
[TimeControl "180+2"]
[Date "2023.05.31"]
[WhiteClock "0:01:41"]
[BlackClock "0:00:58"]

1. Nf3 Nf6 2. g3 g6 3. b3 Bg7 4. Bb2 O-O 5. Bg2 d6 6. d4 e5 7. dxe5 Ng4 8. c4 Nc6 9. O-O Ngxe5 10. Nc3 Nxf3+ 11. exf3 Re8 12. Qd2 Be6 13. f4 Qf6 14. Rfe1 Qd4 15. Qxd4 Bxd4 16. Rad1 Bg7 17. Ba1 a6 18. Rc1 Kf8 19. Kf1 f5 20. Nd5 Rac8 21. Bxg7+ Kxg7 22. Re3 Bxd5 23. Rxe8 Bxg2+ 24. Kxg2 Rxe8 25. c5 d5 0-1


[Site "https://www.chess.com"]

[Event "Titled Tuesday Blitz May 30 Late 2023"]
[White "Hossain, Enamul"]
[Black "zsizsi99"]
[WhiteFideId "10200649"]
[WhiteElo "2433"]
[BlackElo "2383"]
[Result "1-0"]
[Round "05"]
[TimeControl "180+2"]
[Date "2023.05.31"]
[WhiteClock "0:00:19"]
[BlackClock "0:00:02"]

1. e4 c5 2. Nf3 d6 3. d4 cxd4 4. Nxd4 Nf6 5. Nc3 a6 6. Rg1 e5 7. Nb3 h5 8. h3 Be6 9. Be3 Nc6 10. Qd2 d5 11. exd5 Nxd5 12. Nxd5 Qxd5 13. Qxd5 Bxd5 14. O-O-O O-O-O 15. Bb6 Rd7 16. Nc5 Bxc5 17. Bxc5 g5 18. Be2 Be6 19. Rxd7 Kxd7 20. Rd1+ Kc8 21. Bb6 g4 22. h4 Ne7 23. c4 Ng6 24. g3 f5 25. Rd6 Re8 26. a4 Nh8 27. a5 Nf7 28. Rd2 Bd7 29. b4 Re6 30. b5 axb5 31. cxb5 Re7 32. Rc2+ Kb8 33. Bc7+ Ka8 34. a6 Be6 35. Bb6 Re8 36. Bc4 Bxc4 37. Rxc4 Nd6 38. Rc7 Nxb5 39. axb7+ Kb8 40. Rf7 Nd6 41. Bc7+ Kxb7 42. Bxd6+ Kc6 43. Bb4 Kd5 44. Rxf5 Ke4 45. Rxh5 Rb8 46. Bd2 Rb5 47. Rh8 Kd3 48. Rd8+ Ke2 49. Be3 Ra5 50. h5 e4 51. h6 Rh5 52. Rg8 Kf3 53. Rf8+ Ke2 54. Kc2 Rd5 55. h7 1-0


[Site "https://www.chess.com"]

[Event "Titled Tuesday Blitz May 30 Late 2023"]
[White "Gatterer, Florian"]
[Black "koncheto"]
[WhiteFideId "811688"]
[WhiteElo "2221"]
[BlackElo "2595"]
[Result "0-1"]
[Round "05"]
[TimeControl "180+2"]
[Date "2023.05.31"]
[WhiteClock "0:00:34"]
[BlackClock "0:00:05"]

1. e4 e5 2. Nf3 Nf6 3. Nc3 Nc6 4. d4 exd4 5. Nxd4 Bb4 6. Nxc6 bxc6 7. Bd3 d5 8. exd5 cxd5 9. O-O O-O 10. Bg5 c6 11. Qf3 Rb8 12. Bxf6 Qxf6 13. Qxf6 gxf6 14. Na4 Bd6 15. c4 Be6 16. Rac1 Be5 17. b3 Bd4 18. Rfd1 Bb6 19. cxd5 cxd5 20. h3 Kg7 21. Nxb6 axb6 22. Rc2 Ra8 23. Rdd2 Ra3 24. f4 f5 25. Kf2 Kf6 26. Ke3 Rg8 27. Kf2 Ra7 28. Rc6 Rb7 29. Kf3 h5 30. g3 Ke7 31. Re2 Kd7 32. Rec2 Rd8 33. Ke3 Ke8 34. Kd4 Kf8 35. g4 hxg4 36. hxg4 fxg4 37. f5 Bd7 38. Rc7 Rxc7 39. Rxc7 Kg7 40. Rb7 g3 41. Ke3 d4+ 42. Kf4 g2 43. f6+ Kxf6 44. Rxb6+ Kg7 45. Rb7 g1=Q 46. Rxd7 Rxd7 47. Ke5 Qe3+ 48. Kf5 Re7 0-1


[Site "https://www.chess.com"]

[Event "Titled Tuesday Blitz May 30 Late 2023"]
[White "Souza, Adwilhans Luciano"]
[Black "Eugene, Floryan"]
[WhiteFideId "2101793"]
[BlackFideId "20694784"]
[WhiteElo "2288"]
[BlackElo "2369"]
[Result "0-1"]
[Round "05"]
[TimeControl "180+2"]
[Date "2023.05.31"]
[WhiteClock "0:00:19"]
[BlackClock "0:01:06"]

1. e4 c5 2. Nf3 Nc6 3. d4 cxd4 4. Nxd4 e5 5. Nb5 Nf6 6. N1c3 h6 7. Nd5 Nxd5 8. exd5 a6 9. dxc6 axb5 10. cxd7+ Bxd7 11. Be2 Be7 12. O-O Bc6 13. Be3 O-O 14. a3 Qc7 15. Qe1 f5 16. f3 Bd6 17. Qc3 e4 18. f4 b4 19. Qb3+ Kh7 20. a4 Ra5 21. g3 Bd5 22. c4 bxc3 23. Qxc3 Qxc3 24. bxc3 Rc8 25. Bd4 Bc5 26. Rfb1 Bxd4+ 27. cxd4 Rc2 28. Bb5 e3 29. Bd3 Rg2+ 30. Kf1 Rxh2 31. Bxf5+ g6 32. Bd3 Bf3 33. Ke1 Rh1+ 34. Bf1 e2 35. Kf2 exf1=Q+ 36. Rxf1 Rxf1+ 37. Rxf1 Bc6 38. g4 Rxa4 39. Ke3 Ra3+ 40. Kd2 Rf3 0-1


[Site "https://www.chess.com"]